 Dungeon Crawl Stone Soup version 0.29-a0-512-gf59ac78 (webtiles) character file.

Game seed: 10823050553064193521

3176 lyrin the Twirler (level 9, -3/70 (72) HPs)
             Began as a Palentonga Venom Mage on May 29, 2022.
             Slain by a gnoll
             ... wielding a +0 flail
             ... led by a gnoll sergeant
              (6 damage)
             ... on level 6 of the Dungeon.
             The game lasted 00:21:00 (13623 turns).

lyrin the Twirler (Palentonga Venom Mage)          Turns: 13623, Time: 00:21:02

HP:   -3/70 (72)    AC: 14    Str: 16    XL:     9   Next: 63%
MP:   25/25         EV: 11    Int: 15    God:
Gold: 433           SH:  0    Dex: 11    Spells: 15/18 levels left

rFire   + . .      SeeInvis +   e - staff of fire
rCold   . . .      Faith    .   (no shield)
rNeg    . . .      Spirit   .   D - +0 acid dragon scales
rPois   +          Reflect  .   (no helmet)
rElec   .          Harm     .   (no cloak)
rCorr   +          Rampage  .   p - +0 pair of gloves
Will    .....                   (no barding)
Stlth   +.........              (no amulet)
HPRegen 0.21/turn               g - ring of poison resistance
MPRegen 0.19/turn               l - ring of magical power

@: confused, mighty, ambrosia-drunk, lightly drained, curled up
A: large, rugged brown scales 3, see invisible, deformed body, roll 1, armoured
tail, reflexive curl
a: Rolling Charge


You were on level 6 of the Dungeon.
You visited 1 branch of the dungeon, and saw 7 of its levels.

You collected 433 gold pieces.

Inventory:

Hand Weapons
 j - a +0 club
 w - a +0 vorpal glaive
 y - a -2 eveningstar
Armour
 a - a +0 robe
 p - a +0 pair of gloves (worn)
 D - +0 acid dragon scales (worn)
Magical Staves
 e - a staff of fire (weapon)
Jewellery
 g - a ring of poison resistance (left hand)
 l - a ring of magical power (right hand)
 C - a ring of resist corrosion
Wands
 f - a wand of paralysis (4)
 u - a wand of charming (6)
 B - a wand of digging (5)
 E - a wand of iceblast (6)
Scrolls
 m - 3 scrolls of amnesia {unknown}
 q - a scroll of summoning {unknown}
 t - 2 scrolls of noise
 v - a scroll of brand weapon {unknown}
 z - a scroll of enchant weapon {unknown}
Potions
 b - a potion of magic
 c - 2 potions of brilliance
 d - a potion of lignification {unknown}
 h - 2 potions of degeneration {unknown}
 i - a potion of ambrosia
 k - 2 potions of invisibility {unknown}
 n - 3 potions of heal wounds {unknown}
 o - 2 potions of curing {unknown}
 r - 4 potions of flight
 s - a potion of attraction {unknown}
 A - a potion of might


   Skills:
 + Level 5.5 Fighting
 + Level 6.0 Staves
 + Level 1.6 Armour
 + Level 5.9 Dodging
 - Level 1.2 Stealth
 - Level 5.0 Spellcasting
 - Level 1.1 Transmutations
 - Level 3.0 Air Magic
 - Level 4.3 Poison Magic


You had 15 spell levels left.
You knew the following spells:

 Your Spells              Type           Power      Damage    Failure   Level
a - Sting                 Tmut/Pois      44%        1d5       8%          1
b - Poisonous Vapours     Pois/Air       28%        N/A       8%          2

Your spell library contained the following spells:

 Spells                   Type           Power      Damage    Failure   Level
 Magic Dart               Conj           12%        1d3       22%         1
 Sandblast                Erth           6%         2d5       22%         1
 Mephitic Cloud           Conj/Pois/Air  11%        N/A       24%         3
 Passwall                 Tmut/Erth      4%         N/A       26%         2
 Call Imp                 Summ           3%         N/A       32%         2
 Olgreb's Toxic Radiance  Pois           16%        N/A       36%         4
 Portal Projectile        Hex/Tloc       6%         N/A       54%         3
 Stone Arrow              Conj/Erth      6%         3d7       54%         3
 Summon Guardian Golem    Hex/Summ       3%         N/A       54%         3
 Tukima's Dance           Hex            3%         N/A       54%         3
 Blade Hands              Tmut           3%         N/A       98%         5
 Orb of Destruction       Conj           1%         9d5       100%        7
 Spellforged Servitor     Conj/Summ      1%         N/A       100%        7


Dungeon Overview and Level Annotations

Branches:
Dungeon (7/15)             Temple (0/1) D:7

Altars:

Shops:
D:1 =   D:3 !   D:4 [[

Annotations:
D:7 Pikel


Innate Abilities, Weirdness & Mutations

You are completely covered in rugged brown scales. (AC +3, +7% HP)
You have supernaturally acute eyesight. (SInv)
Armour fits poorly on your strangely shaped body.
You can roll at nearby foes to attack.
You have a long armoured tail.
You curl defensively after being hit. (AC +7*)


Message History

The sky beast barely misses you.
A steam dragon and a gnoll come into view.
The gnoll is wielding a +2 vampiric whip.
Found 17 gold pieces.
The steam dragon hisses angrily.
The gnoll shouts!
Pikel barely misses you. Pikel attacks as you move away!
Pikel hits you but does no damage.
A wight comes into view.
It is wielding a +3 halberd of freezing.
A gnoll sergeant comes into view.
It is wielding a +3 trident of protection.
The gnoll sergeant shouts!
A wight comes into view. It is wielding a +0 halberd.
The gnoll closely misses you. The gnoll barely misses you.
The wight misses you. The gnoll hits you but does no damage.
The gnoll hits you from afar with a +0 spear.
There is a stone staircase leading up here.
The wight misses you. The gnoll hits you with a +0 flail.
The gnoll hits you from afar with a +0 spear.
The sky beast hits you but does no damage.
You climb upwards.
There is a stone staircase leading down here.
Unknown command.
Okay, then.
You are confused.
You feel invigorated.
The wight hits you with a +3 halberd of freezing!
* * * LOW HITPOINT WARNING * * *
You feel drained.
* * * LOW HITPOINT WARNING * * *
The wight freezes you.
* * * LOW HITPOINT WARNING * * *
The gnoll hits you with a +0 flail.
* * * LOW HITPOINT WARNING * * *
The sky beast closely misses you.
You feel very mighty all of a sudden.
The wight hits you with a +3 halberd of freezing!
* * * LOW HITPOINT WARNING * * *
The wight freezes you.
* * * LOW HITPOINT WARNING * * *
The gnoll hits you with a +0 flail.
You die...

...#
#.##......##...'.......#.#
..O#
#.###.....##...#.......#.##
#.># #.#
#......#...##.....##...
#..####.#
###.)......###...######
#.......##############
##### # #...######.#.#....#
#.# ### ###.#
#.#.#..#.######.# #.. # #.#
#.#...Y.g.....#.# #.# ###.#
#.#####@#####.#.# #.#
....######.# #z# #.#.# #.#
##.........# #.# #.#.# #.#
###.######## #.# #.#.# #(#
# #)############.#####.#.#
#.#
###..............#...(...#
#.#
...O.#############.###.###
#.# ###[## #.# #.# #.# #.#
########.# #.# #.#


You could see a sky beast (invisible), a wight and a gnoll.

Vanquished Creatures
  Maggie (D:6)
  Prince Ribbit (D:6)
  A yak (D:6)
  Eustachio (D:4)
  Menkaure (D:6)
  A water moccasin (D:5)
  2 ice beasts
  4 ogres
  2 phantoms
  A kobold brigand (D:3)
  Blork the orc (D:4)
  A bullfrog (D:6)
  A gnoll sergeant (D:6)
  2 necrophages
  5 scorpions
  A howler monkey (D:6)
  2 orc priests
  4 hounds
  2 jellies
  8 iguanas
  Ijyb (D:4)
  2 orc wizards
  A mummy (D:4)
  12 adders
  7 gnolls (D:6)
  A white imp (D:6)
  An ufetubus (D:5)
  A worm (D:5)
  2 dart slugs
  10 orcs
  12 ball pythons
  8 bats
  3 endoplasms
  2 giant cockroaches (D:2)
  7 goblins
  8 hobgoblins
  11 jackals
  4 quokkas
  2 goblin zombies (D:4)
  14 kobolds
  5 rats
156 creatures vanquished.

Vanquished Creatures (others)
  6 fungi (D:4)
6 creatures vanquished.

Grand Total: 162 creatures vanquished

Notes
Turn   | Place    | Note
-------+----------+-------------------------------------------
     0 | D:1      | lyrin the Palentonga Venom Mage began the quest for the
                  | Orb.
     0 | D:1      | Reached XP level 1. HP: 13/13 MP: 3/3
    33 | D:1      | Found Lecolal's Jewellery Shoppe.
   365 | D:1      | You fall into a shaft and drop 1 floor!
   380 | D:2      | Reached XP level 2. HP: 20/20 MP: 0/5
  1061 | D:1      | Learned a level 2 spell: Poisonous Vapours
  1823 | D:2      | Reached XP level 3. HP: 25/25 MP: 3/6
  2690 | D:2      | Reached XP level 4. HP: 8/33 MP: 6/8
  3618 | D:3      | Noticed a necrophage
  3927 | D:3      | Killed a necrophage
  3928 | D:3      | Reached skill level 1 in Fighting
  3928 | D:3      | Reached skill level 1 in Air Magic
  3928 | D:3      | Reached XP level 5. HP: 6/39 MP: 9/9
  4548 | D:3      | Reached skill level 1 in Staves
  5030 | D:3      | Found Zofawnug's Distillery.
  5173 | D:4      | Noticed Blork the orc
  5417 | D:3      | Reached XP level 6. HP: 31/46 MP: 9/11
  5660 | D:3      | HP: 2/46 [quokka (2)]
  6000 | D:4      | HP: 1/46 [mummy (9)]
  6475 | D:4      | Found Gurej's Armour Shoppe.
  6692 | D:4      | Killed Blork the orc
  6783 | D:4      | Noticed Eustachio
  6800 | D:4      | Killed Eustachio
  6801 | D:4      | Gained mutation: You curl defensively after being hit. (AC
                  | +7*) [Palentonga growth]
  6801 | D:4      | Reached XP level 7. HP: 51/51 MP: 11/13
  7120 | D:4      | Noticed Ijyb
  7132 | D:4      | Killed Ijyb
  7864 | D:4      | Reached skill level 5 in Spellcasting
  8378 | D:4      | Found Heracles's Dragon-Slaying Spoils.
  8519 | D:5      | Entered Level 5 of the Dungeon
  8768 | D:5      | Reached XP level 8. HP: 18/60 MP: 15/15
  9636 | D:5      | Reached skill level 2 in Staves
 10117 | D:5      | Reached skill level 3 in Staves
 10451 | D:6      | Noticed Prince Ribbit
 10463 | D:6      | Killed Prince Ribbit
 10569 | D:6      | Reached skill level 4 in Staves
 10961 | D:6      | Reached skill level 5 in Dodging
 11372 | D:5      | Reached XP level 9. HP: 52/69 MP: 16/16
 11584 | D:6      | Noticed Maggie
 11624 | D:6      | Killed Maggie
 11625 | D:6      | Reached skill level 5 in Staves
 12046 | D:6      | Reached skill level 5 in Fighting
 12479 | D:6      | Reached skill level 1 in Armour
 12735 | D:6      | Noticed Menkaure
 12748 | D:6      | HP: 3/72 [Menkaure (18)]
 12749 | D:6      | Killed Menkaure
 13126 | D:6      | Reached skill level 6 in Staves
 13127 | D:6      | Noticed a two-headed ogre
 13590 | D:7      | Found a staircase to the Ecumenical Temple.
 13593 | D:7      | Noticed Pikel
 13623 | D:6      | HP: 3/70 [wight/+3 halberd of freezing (2)]
 13623 | D:6      | Slain by a gnoll

Illustrated notes

Levels and vault maps discovered:
D:1:      doesnt_arrival_eight_statues, layout_basic, serial_shops, shop
D:2:      layout_basic
D:3:      cheibrodos_thug_alley, layout_loops_ring, serial_shops, shop
D:4:      old_forge, layout_layer_cave, portal_sewer_entry_c, serial_shops,
          nicolae_lakefront_shop, nicolae_ossuary_entry_giza,
          small_statue_intersection, nicolae_shop_dragon_depot, uniq_eustachio,
          uniq_blork_the_orc, uniq_ijyb
D:5:      layout_loops_corners
D:6:      minmay_opposing_rooms, layout_loops_ring, uniq_maggie, uniq_menkaure,
          uniq_prince_ribbit1
D:7:      layout_basic, amcnicky_altar_gilded, minmay_temple_entry_sparse_star,
          kennysheep_small_circle, uniq_crazy_yiuf_cottage, uniq_pikel

Skill      XL: |  1  2  3  4  5  6  7  8  9 |
---------------+----------------------------+-----
Poison Magic   | 3 4 |  4.3
Fighting       | 1 2 4 5 |  5.5
Dodging        | 2 3 5 |  5.9
Spellcasting   | 3 4 5 |  5.0
Air Magic      | 1 2 3 |  3.0
Staves         | 1 4 6 |  6.0
Armour         | 1 |  1.6
Stealth        | |  1.2
Transmutations | |  1.1

Action                   |  1- 3 |  4- 6 |  7- 9 || total
-------------------------+-------+-------+-------++-------
Melee: Staff             |    14 |    62 |   270 ||   346
       Tailslap          |     1 |    10 |    40 ||    51
       Punch             |       |     1 |     3 ||     4
 Cast: Sting             |    49 |    14 |    16 ||    79
       Poisonous Vapours |    25 |   100 |   174 ||   299
  Use: Scroll            |       |     2 |     6 ||     8
       Potion            |       |     2 |     6 ||     8
Armor: Robe              |    45 |    55 |    60 ||   160
       Acid dragon scale |       |       |    51 ||    51
Dodge: Dodged            |    44 |    83 |   159 ||   286

Table legend: (Time is in decaauts)
 A = Elapsed time spent in this place.
 B = Non-inter-level travel time spent in this place.
 C = Inter-level travel time spent in this place.
 D = Time resting spent in this place.
 E = Time spent auto-exploring this place.
 F = Levels seen in this place.
 G = Mean time per level.
                   A        B        C        D        E       F      G
               +--------+--------+--------+--------+--------+-----+--------+
         Total |  13695 |  13509 |    186 |   1566 |   9485 |   7 | 1956.4 |
       Dungeon |  13695 |  13509 |    186 |   1566 |   9485 |   7 | 1956.4 |
               +--------+--------+--------+--------+--------+-----+--------+

Top non-repeatable levels by time:
     D:6: 3110 daAuts
     D:3: 2869 daAuts
     D:4: 2597 daAuts
     D:5: 1983 daAuts
     D:1: 1691 daAuts
     D:2: 1412 daAuts
     D:7: 30 daAuts
